 Dungeon Crawl Stone Soup version 0.20.0-9-g8272e65 (webtiles) character file.

95 Tridux the Scratcher (level 4, 0/19 HPs)
             Began as a Felid Transmuter on June 3, 2017.
             Was a Follower of Uskayaw.
             Slain by a centaur zombie (5 damage)
             ... on level 5 of the Dungeon.
             The game lasted 00:18:01 (5318 turns).

Tridux the Scratcher (Felid Transmuter)             Turns: 5318, Time: 00:18:02

Health: 0/19       AC:  1    Str:  6    XL:     4   Next: 40%
Magic:  4/8        EV: 18    Int: 16    God:    Uskayaw [*.....]
Gold:   59         SH:  0    Dex: 16    Spells: 1/7 levels left
                                        Lives:  0   Deaths: 1

rFire    . . .     SeeInvis +     - Unarmed
rCold    . . .     Gourm    .   (shield unavailable)
rNeg     . . .     Faith    .   (armour unavailable)
rPois    .         Spirit   .   (helmet unavailable)
rElec    .         Reflect  .   (cloak unavailable)
rCorr    .         Harm     .   (gloves unavailable)
MR       .....                  (boots unavailable)
Stlth    +++.......             (no amulet)
Regen    0.1/turn               (no ring)
MPRegen  0.2/turn               (no ring)

@: very slightly contaminated, quick
A: no armour, no weapons or thrown items, stealth, claws 1, fangs 3, see
invisible, carnivore 3, speed 1, shaggy fur 1, slow metabolism 1, sharp paws
a: Stomp, Renounce Religion


You were on level 5 of the Dungeon.
You worshipped Uskayaw.
Uskayaw was noncommittal.
You were very full.

You visited 2 branches of the dungeon, and saw 6 of its levels.

You collected 59 gold pieces.

Inventory:

Missiles
 a - 112 arrows
Jewellery
 k - an uncursed ring of fire
Scrolls
 f - a scroll of remove curse
 h - a scroll of identify
 i - a scroll of magic mapping {unknown}
 j - a scroll of recharging
Potions
 d - a potion of mutation {!q}
 e - 2 potions of brilliance
Books
 b - a book of Changes

   Spells                             Type                      Level
   a - Beastly Appendage              Transmutation                1
   b - Sticks to Snakes               Transmutation                2
   c - Spider Form                    Transmutation/Poison         3
   d - Ice Form                       Ice/Transmutation            4
   e - Blade Hands                    Transmutation                5
Comestibles
 c - 2 meat rations
 g - a royal jelly


   Skills:
 - Level 1.0 Fighting
 - Level 2.6 Dodging
 + Level 4.8 Stealth
 + Level 4.8 Unarmed Combat
 - Level 2.0 Spellcasting
 - Level 2.1 Transmutations


You had one spell level left.
You knew the following spells:

 Your Spells              Type           Power        Failure   Level  Hunger
e - Beastly Appendage     Tmut           #.....       9%          1    #......
k - Sticks to Snakes      Tmut           #.......     13%         2    ###....
p - Spider Form           Tmut/Pois      #.........   36%         3    ###....


Dungeon Overview and Level Annotations

Branches:
Dungeon (5/15)             Temple (1/1) D:4

Altars:
Ashenzari
Dithmenos
Elyvilon
Makhleb
Trog
Uskayaw
Vehumet
Yredelemnul
The Shining One

Annotations:
D:3 exclusions: orc, orc priest and orc wizard
D:4 exclusions: howler monkey, orc, orc priest and sky beast
D:5 exclusion: centaur


Innate Abilities, Weirdness & Mutations

You cannot wear armour.
You are incapable of wielding weapons or throwing items.
Your paws allow you to move quietly. (Stealth)
You have sharp claws.
You have razor-sharp teeth.
You have supernaturally acute eyesight. (SInv)
You are carnivorous and can eat meat at any time.
You cover ground quickly.
You are covered in fur. (AC +1)
You have a slow metabolism.
Your sharp claws are effective at attacking unaware monsters.


Message History

You claw the centaur zombie!
The centaur zombie is heavily damaged.
Your transformation is almost over.
The centaur zombie closely misses you.
Found 16 sling bullets.
The centaur zombie misses you.
Okay, then.
Your horns disappear.
Casting: Beastly Appendage
Confirm with . or Enter, or press ? or * to list all spells.
You miscast Sticks to Snakes.
You are very lightly contaminated with residual magic.
Your skin glows momentarily.
The centaur zombie completely misses you.
Casting: Sticks to Snakes
Confirm with . or Enter, or press ? or * to list all spells.
You create a snake!
You now have 112 arrows.
The centaur zombie completely misses you.
The centaur zombie hits you.
You die...

###....## ###
##..## ###.#
##.#####...##
##.##......##
#.##.......#
##.........##
#...(......#
##.........#####..
#......SZ@.......
#...........#.....
#.#.........# ....
#.##........## .
.. #.....####
#######


You could see a centaur zombie and a friendly adder.

Vanquished Creatures
  A worker ant (D:4)
  7 adders
  An ooze (D:1)
  An adder skeleton (D:3)
  A worm (D:4)
  3 leopard geckos
  A giant cockroach (D:4)
  4 goblins
  9 hobgoblins
  2 jackals (D:1)
  7 kobolds
  2 ball pythons
  4 bats
  3 frilled lizards
  10 rats
  A plant (D:2)
57 creatures vanquished.

Vanquished Creatures (collateral kills)
  3 gnolls (D:2)
  An adder (D:2)
  A worm (D:2)
  A goblin (D:1)
  A rat (D:1)
7 creatures vanquished.

Grand Total: 64 creatures vanquished

Notes
Turn   | Place    | Note
-------+----------+-------------------------------------------
     0 | D:1      | Tridux the Felid Transmuter began the quest for the Orb.
     0 | D:1      | Reached XP level 1. HP: 9/9 MP: 4/4
   289 | D:1      | Reached skill level 1 in Stealth
   526 | D:1      | Reached XP level 2. HP: 12/12 MP: 4/6
   530 | D:1      | Learned a level 2 spell: Sticks to Snakes
  1185 | D:2      | Found a radiant altar of Vehumet.
  1193 | D:2      | Reached XP level 3. HP: 12/15 MP: 3/7
  1839 | D:2      | Reached XP level 4. HP: 12/19 MP: 1/8
  1858 | D:1      | Learned a level 3 spell: Spider Form
  3725 | D:3      | Found a basalt altar of Yredelemnul.
  3725 | D:3      | Found a bloodstained altar of Trog.
  3981 | D:4      | Reached XP level 5. HP: 22/22 MP: 7/9
  4001 | D:4      | Noticed a sky beast
  4092 | D:4      | Found a staircase to the Ecumenical Temple.
  4096 | Temple   | Entered the Ecumenical Temple
  4102 | Temple   | Became a worshipper of Uskayaw the Reveler
  4115 | D:4      | Found a shadowy altar of Dithmenos.
  4303 | D:4      | Noticed an ogre
  4316 | D:4      | Reached * piety under Uskayaw
  4317 | D:4      | Reached ** piety under Uskayaw
  4328 | D:4      | Demolished by an ogre
  4329 | D:4      | Reached XP level 4. HP: -18/19 MP: 3/8
  5218 | D:5      | Entered Level 5 of the Dungeon
  5223 | D:5      | Noticed a centaur
  5318 | D:5      | Slain by a centaur zombie

Skill      XL: |  1  2  3  4 |
---------------+-------------+-----
Stealth        | 2 3 4 |  4.8
Unarmed Combat | 4 |  4.8
Fighting       | |  1.0
Dodging        | |  2.6
Spellcasting   | |  2.0
Transmutations | |  2.1

Action                   |  1- 3 |  4- 6 || total
-------------------------+-------+-------++-------
Melee: Unarmed           |    72 |    99 ||   171
       Headbutt          |    10 |    10 ||    20
       Bite              |     1 |     7 ||     8
       Punch             |     1 |     2 ||     3
 Cast: Beastly Appendage |    25 |    26 ||    51
       Sticks to Snakes  |    10 |     8 ||    18
  Use: Scroll            |     4 |     3 ||     7
 Stab: Sleeping          |     4 |    14 ||    18
  Eat: Chunk             |    10 |    11 ||    21
Armor: Skin              |     1 |     3 ||     4
Dodge: Dodged            |    35 |    49 ||    84
